 Dungeon Crawl Stone Soup version 0.28.0-53-g5a82cb258f (webtiles) character file.

Game seed: 15450438255463744985

108 Dadi the Cudgeller (level 4, -3/28 HPs)
             Began as a Gargoyle Fighter on July 12, 2022.
             Slain by a gnoll
             ... wielding a +0 halberd
              (13 damage)
             ... on level 3 of the Dungeon.
             The game lasted 00:02:14 (2706 turns).

Dadi the Cudgeller (Gargoyle Fighter)               Turns: 2706, Time: 00:02:15

Health: -3/28      AC: 10    Str: 22    XL:     4   Next: 87%
Magic:  4/4        EV:  9    Int:  8    God:
Gold:   66         SH:  4    Dex:  9    Spells: 3/3 levels left

rFire   . . .      SeeInvis .   a - +0 flail
rCold   . . .      Faith    .   c - +0 buckler
rNeg    + + .      Spirit   .   b - +0 scale mail
rPois   ∞          Reflect  .   (no helmet)
rElec   +          Harm     .   (no cloak)
rCorr   .          Rampage  .   (no gloves)
Will    .....                   (no boots)
Stlth   ..........              (no amulet)
HPRegen 0.09/turn               m - ring of positive energy
MPRegen 0.09/turn               (no ring)

@: no status effects
A: sickness immunity, AC +3, negative energy resistance 1, electricity
resistance, torment resistance 1, petrification resistance
a: no special abilities


You were on level 3 of the Dungeon.
You visited 1 branch of the dungeon, and saw 3 of its levels.

You collected 66 gold pieces.

Inventory:

Hand Weapons
 a - a +0 flail (weapon)
Armour
 b - a +0 scale mail (worn)
 c - a +0 buckler (worn)
Magical Staves
 f - a staff of conjuration
Jewellery
 m - a ring of positive energy (left hand)
Wands
 n - a wand of digging (1)
Scrolls
 g - a scroll of teleportation {unknown}
 j - a scroll of amnesia {unknown}
 k - a scroll of magic mapping {unknown}
 l - a scroll of fear {unknown}
Potions
 d - a potion of might
 e - a potion of haste {unknown}
 h - 3 potions of curing {unknown}
 i - 2 potions of heal wounds {unknown}


   Skills:
 - Level 3.2 Fighting
 + Level 4.9 Maces & Flails
 - Level 3.2 Armour
 - Level 3.2 Shields


You had 3 spell levels left.
You didn't know any spells.
Your spell library was empty.

Dungeon Overview and Level Annotations

Branches:
Dungeon (3/15)

Altars:
Hepliaklqana

Annotations:
D:3 3 runed translucent doors


Innate Abilities, Weirdness & Mutations

You are immune to sickness and miasma.
Your stone body is resilient. (AC +3)
You are immune to poison.
You resist negative energy. (rN+)
You are resistant to electric shocks. (rElec)
You are resistant to unholy torment.
You are immune to petrification.


Message History

You hit the gnoll but do no damage.
The gnoll is almost dead.
The gnoll misses you. The gnoll barely misses you.
You hit the gnoll but do no damage.
The gnoll is almost dead.
The gnoll hits you from afar with a +0 spear.
The gnoll hits you but does no damage.
You hit the gnoll.
You kill the gnoll!
The gnoll closely misses you. The gnoll hits you but does no damage.
The gnoll hits you from afar with a +0 halberd.
The gnoll closely misses you.
You see here a +0 flail.
You sock the gnoll!
The gnoll is heavily wounded.
The gnoll hits you from afar with a +0 halberd!
The gnoll hits you but does no damage.
You barely miss the gnoll.
The gnoll is heavily wounded.
The gnoll closely misses you. The gnoll hits you with a +0 spear.
You barely miss the gnoll.
The gnoll is heavily wounded.
The gnoll barely misses you. x2; The gnoll hits you but does no damage.
You closely miss the gnoll.
The gnoll is heavily wounded.
The gnoll hits you but does no damage. x2
You barely miss the gnoll.
The gnoll is heavily wounded.
The gnoll hits you but does no damage. You block the gnoll's attack. x2
You thump the gnoll!
You kill the gnoll!
The gnoll hits you from afar with a +0 halberd.
You block the gnoll's attack.
You hit the gnoll.
The gnoll is lightly wounded.
The gnoll barely misses you.
You sock the gnoll!
The gnoll is severely wounded.
The gnoll hits you with a +0 halberd!
You die...

.....#....##
.......##..##
....######..### #..##
##...######### #..#
###.#........ ##..
#........... #..###
###.....#####.
.....###...#####...####
...#.....#.grg@.._.....
#.........#####...####
#####..#......#####
#....#..#......
#g##.##...####
####.##.##.###
#..g.##....##
#.#######...# g>.gg.#
###.#


You could see 2 gnolls and a rat.

Vanquished Creatures
  2 adders (D:2)
  2 gnolls (D:3)
  2 worms
  2 dart slugs
  An orc (D:3)
  3 ball pythons
  9 endoplasms
  2 giant cockroaches (D:1)
  4 goblins
  5 hobgoblins
  3 jackals (D:1)
  3 quokkas (D:1)
  4 bats
  5 frilled lizards
  7 kobolds
  2 rats (D:1)
56 creatures vanquished.

Notes
Turn   | Place    | Note
-------+----------+-------------------------------------------
     0 | D:1      | Dadi the Gargoyle Fighter began the quest for the Orb.
     0 | D:1      | Reached XP level 1. HP: 14/14 MP: 1/1
    83 | D:1      | Reached XP level 2. HP: 14/19 MP: 2/2
   322 | D:1      | Reached skill level 3 in Maces & Flails
   710 | D:1      | Found a faded altar of an unknown god.
   827 | D:1      | Reached XP level 3. HP: 23/23 MP: 3/3
  1532 | D:2      | Reached skill level 4 in Maces & Flails
  1856 | D:2      | Reached XP level 4. HP: 28/28 MP: 4/4
  2369 | D:3      | Found a runed translucent gate.
  2372 | D:3      | Found a runed translucent gate.
  2375 | D:3      | Found a runed translucent gate.
  2649 | D:3      | Found a hazy altar of Hepliaklqana.
  2706 | D:3      | Slain by a gnoll

Illustrated notes

Levels and vault maps discovered:
D:1:      lemuel_arrival_funnel, layout_basic, basic_ecumenical_altar
D:2:      layout_loops_ring, corexii_hall_statues_t, minmay_misc_feat_chi
D:3:      layout_rooms, mainiacjoe_overflow_surrounded_room,
          gammafunk_ghost_icy, hangedman_decor_peaks_small

Skill      XL: |  1  2  3 |
---------------+----------+-----
Maces & Flails | 3 4 |  4.9
Fighting       | |  3.2
Armour         | |  3.2
Shields        | |  3.2

Action                   |  1- 3 |  4- 6 || total
-------------------------+-------+-------++-------
Melee: Flail             |   159 |    53 ||   212
Armor: Scale mail        |    94 |    22 ||   116
Dodge: Dodged            |    88 |    23 ||   111
Block: Buckler           |    37 |     7 ||    44
